 Dungeon Crawl Stone Soup version 0.30-a0-1053-gbd8d5ba0ad (webtiles) character file.

Game seed: 3973523068201714688

21501 billz999 the Skirmisher (level 12, -2/84 HPs)
             Began as an Octopode Earth Elementalist on Apr 6, 2023.
             Was an Initiate of Gozag.
             Slain by a slime creature (6 damage)
             ... on level 12 of the Dungeon on Apr 11, 2023.
             The game lasted 00:56:01 (19892 turns).

billz999 the Skirmisher (OpEE)                     Turns: 19892, Time: 00:56:02

Health: -2/84      AC:  1    Str:  7    XL:     12   Next: 90%
Magic:  2/22       EV: 23    Int: 34    God:    Gozag
Gold:   1812       SH:  7    Dex: 19    Spells: 12/25 levels left

rFire   . . .      SeeInvis .    r - +1 dagger (elec)
rCold   . . .      Faith    .    n - +1 buckler
rNeg    . . .      Spirit   .    (helmet restricted)
rPois   +          Reflect  .    (no amulet)
rElec   .          Rampage  .    d - +5 ring of evasion
rCorr   .                        m - +6 ring of intelligence
Will    .....                    w - +6 ring of intelligence
Stlth   ++++                     E - ring of poison resistance
HPRegen 0.34/turn                I - +6 ring of dexterity
MPRegen 0.18/turn                J - +5 ring of evasion
                                 (no ring)
                                 (no ring)

@: gold aura
A: almost no armour, amphibious, 8 rings, camouflage 1, gelatinous body 1,
(nimble swimmer 1), tentacles
a: Renounce Religion, Potion Petition, Call Merchant, Bribe Branch


You were on level 12 of the Dungeon.
You worshipped Gozag.
Gozag was most pleased with you.
You visited 3 branches of the dungeon, and saw 15 of its levels.
You also visited: Ossuary.

You collected 3135 gold pieces.
You spent 1298 gold pieces at shops.
You paid 25 gold pieces to Gozag.

Inventory:

Hand Weapons
 k - a +1 sling
 r - a +1 dagger of electrocution (weapon)
 K - a +0 shortbow
Missiles
 g - 2 throwing nets
 l - 33 poisoned darts
Armour
 n - a +1 buckler (worn)
Jewellery
 d - a +5 ring of evasion (left tentacle)
 m - a +6 ring of intelligence (right tentacle)
 w - a +6 ring of intelligence (on tentacle)
 A - a ring of flight
 D - a ring of ice
 E - a ring of poison resistance (on tentacle)
 I - a +6 ring of dexterity (on tentacle)
 J - a +5 ring of evasion (on tentacle)
Wands
 z - a wand of polymorph (9)
 N - a wand of flame (10)
Scrolls
 c - 4 scrolls of poison
 e - 8 scrolls of identify
 f - 7 scrolls of teleportation
 i - a scroll of magic mapping
 p - 2 scrolls of fog
 q - a scroll of silence
 s - 3 scrolls of enchant armour
 u - a scroll of fear
 y - 6 scrolls of amnesia
 M - a scroll of enchant weapon
Potions
 a - 3 potions of magic
 b - 7 potions of curing
 h - 6 potions of flight
 j - a potion of degeneration {unknown}
 t - 3 potions of lignification
 v - a potion of ambrosia {unknown}
 x - 3 potions of might {unknown}
 B - 2 potions of brilliance {unknown}
 C - 2 potions of resistance {unknown}
 F - 2 potions of attraction {unknown}
 G - 3 potions of berserk rage {unknown}
 H - a potion of haste
 L - a potion of invisibility
Miscellaneous
 o - a lightning rod (4/4)


   Skills:
 + Level 8.9 Fighting
 - Level 12.0 Ranged Weapons
 - Level 2.0 Dodging
 - Level 5.7 Stealth
 - Level 4.0 Shields
 - Level 7.0 Spellcasting
 - Level 3.0 Conjurations
 - Level 7.5 Necromancy
 - Level 5.0 Transmutations
 - Level 8.0 Earth Magic


You had 12 spell levels left.
You knew the following spells:

 Your Spells              Type           Power      Damage    Failure   Level
a - Sandblast             Erth           100%       2d20      1%          1
b - Stone Arrow           Conj/Erth      98%        3d13      1%          3
c - Petrify               Tmut/Erth      54%        N/A       3%          4
d - Borgnjor's Vile Clut  Necr/Erth      30%        N/A       5%          5

Your spell library contained the following spells:

 Spells                   Type           Power      Damage    Failure   Level
 Passwall                 Tmut/Erth      45%        N/A       1%          2
 Summon Small Mammal      Summ           44%        N/A       4%          1
 Ensorcelled Hibernation  Hex/Ice        22%        N/A       7%          2
 Poisonous Vapours        Pois/Air       22%        N/A       7%          2
 Mephitic Cloud           Conj/Pois/Air  18%        N/A       9%          3
 Anguish                  Hex/Necr       18%        N/A       10%         4
 Call Canine Familiar     Summ           11%        N/A       14%         3
 Ozocubu's Armour         Ice            11%        N/A       14%         3
 Summon Guardian Golem    Hex/Summ       11%        N/A       14%         3
 Swiftness                Air            11%        N/A       14%         3
 Death Channel            Necr           29%        N/A       32%         6
 Cause Fear               Hex            5%         N/A       41%         4
 Freezing Cloud           Conj/Ice/Air   9%         6-21      63%         5
 Metabolic Englaciation   Hex/Ice        5%         N/A       77%         5
 Enfeeble                 Hex            5%         N/A       100%        7
 Animate Dead             Necr           Unusable   N/A       N/A         4
 Simulacrum               Ice/Necr       Unusable   N/A       N/A         6

Dungeon Overview and Level Annotations

Branches:
Dungeon (13/15)            Temple (0/1) D:6            Lair (1/5) D:8
    Orc (1/2) D:10        Ossuary (visited)
 Vaults: D:13-14

Altars:
Elyvilon
Gozag
Hepliaklqana
Nemelex Xobeh
Ru
Sif Muna
Uskayaw
Yredelemnul
The Shining One

Shops:
D:2 =   D:3 **[   D:4 **!?*   D:6 *   D:11 =

Annotations:
D:5 2 runed translucent doors, hikkokomori's ghost, novice MfFi
D:9 1 runed translucent door, Tollund's ghost, novice TrHW
Lair:1 Amaemon


Innate Abilities, Weirdness & Mutations

You cannot wear most types of armour.
You are amphibious.
You can wear up to eight rings at the same time.
Your skin changes colour to match your surroundings (Stealth+).
Your rubbery body absorbs attacks. (AC +1, EV +1)
((You are camouflaged when in or above water. (Stealth+)))
You have tentacles for arms and can constrict up to eight enemies at once.


Message History

The slime creature hits you! The slime creature closely misses you.
The slime creature misses you.
You hit the slime creature.
Lightning courses through the slime creature!
You squeeze the slime creature.
You kill the slime creature!
The slime creature is distracted by your dazzling golden aura.
The slime creature misses you.
The slime creature quivers.
Casting: Stone Arrow (safe; 1% risk of failure)
Confirm with . or Enter, or press ? or * to list all spells.
Aiming: Sandblast (safe; 1% risk of failure)
Press: ? - help, Shift-Dir - straight line, f - slime creature
Aim: a slime creature (97% to hit)
The blast of sand hits the slime creature!!
The slime creature is heavily wounded.
The slime creature is no longer distracted by gold.
The slime creature misses you. The slime creature barely misses you.
The slime creature hits you!!
You completely miss the slime creature. You squeeze the slime creature.
The slime creature is almost dead.
The slime creature completely misses you.
The slime creature misses you.
You hit the slime creature. Your squeeze misses the slime creature.
The slime creature is almost dead.
The slime creature hits you! The slime creature hits you.
* * * LOW HITPOINT WARNING * * *
Casting: Sandblast (safe; 1% risk of failure)
Confirm with . or Enter, or press ? or * to list all spells.
Aiming: Sandblast (safe; 1% risk of failure)
Press: ? - help, Shift-Dir - straight line, f/p - slime creature
Aim: a slime creature (moderately wounded, 97% to hit)
The blast of sand hits the slime creature!!
The slime creature is almost dead.
The slime creature closely misses you. You block the slime creature's attack.
The slime creature hits you!!
* * * LOW HITPOINT WARNING * * *
The slime creature hits you.
You die...
Your body crumbles into a pile of gold.

########.###########.######
..........>^...............
########.#.#######.#.##.###
#.#.# #.#.##.###
#.#.#######.#.##.##.
#.........#.#.##.##.
#.........#.#.##.##.
#####.J$$.....#.#.##.##.
.......@J.....#.#....##.
....................###.
..............#####...#.
........................
......#######.########..
...... #.##........ ......
#........... ......
#........... #...........


You could see 2 slime creatures.

Vanquished Creatures
  A hydra (D:13)
  2 centaur warriors
  2 two-headed ogres
  2 boulder beetles
  Urug (D:13)
  A deep elf pyromancer (D:12)
  A cyclops (D:12)
  2 manticores
  An ugly thing (D:11)
  A black mamba (D:8)
  A gargoyle (D:8)
  2 unseen horrors
  3 kobold demonologists
  4 komodo dragons
  4 trolls
  Prince Ribbit (D:5)
  4 slime creatures
  A vampire (D:12)
  10 yaks (D:9)
  A wraith (D:11)
  2 basilisks
  3 wyverns
  2 steam dragons
  9 vampire mosquitoes
  A warg (D:10)
  2 water moccasins
  A sky beast (D:7)
  4 black bears
  2 hornet zombies (D:7)
  8 orc warriors
  An ice beast (D:6)
  9 centaurs
  3 ogres
  2 phantoms
  5 kobold brigands
  A gnoll sergeant (D:6)
  A bullfrog (Lair:1)
  3 necrophages (D:7)
  2 water moccasin zombies (Ossuary)
  2 wyvern zombies (D:7)
  6 scorpions
  5 wights (D:8)
  19 killer bees
  A howler monkey (D:11)
  A bullfrog zombie (D:7)
  A human zombie (D:7)
  2 hounds
  5 orc priests
  A sleepcap (D:4)
  A gnoll bouda (D:6)
  A jelly (D:6)
  Jessica (D:2)
  2 iguanas
  7 orc wizards
  Terence (D:3)
  3 mummies
  Robin (D:3)
  2 howler monkey zombies (D:7)
  16 gnolls
  8 adders
  3 white imps
  An ufetubus (D:5)
  2 adder zombies (Ossuary)
  2 worms (D:2)
  2 dart slugs (D:3)
  26 orcs
  11 ball pythons
  6 bats
  8 endoplasms
  A giant cockroach (D:3)
  21 goblins
  7 hobgoblins
  3 jackals (D:3)
  7 quokkas
  4 frilled lizards
  3 gnoll zombies (Ossuary)
  5 hobgoblin zombies (Ossuary)
  31 kobolds
  A kobold zombie (Ossuary)
  4 orc zombies (Ossuary)
  7 rats
347 creatures vanquished.

Vanquished Creatures (others)
  A fungus (D:9)
  16 plants
17 creatures vanquished.

Grand Total: 364 creatures vanquished

Notes
Turn   | Place    | Note
-------+----------+-------------------------------------------
     0 | D:1      | billz999 the Octopode Earth Elementalist began the quest
                  | for the Orb.
     0 | D:1      | Reached XP level 1. HP: 11/11 MP: 3/3
   137 | D:1      | Reached XP level 2. HP: 17/17 MP: 0/5
   544 | D:1      | Reached XP level 3. HP: 21/21 MP: 1/6
  1202 | D:2      | Found an opulent altar of Gozag.
  1211 | D:2      | Became a worshipper of Gozag Ym Sagoz the Greedy
  1536 | D:2      | Reached skill level 5 in Stealth
  1610 | D:2      | Reached XP level 4. HP: 27/27 MP: 2/8
  1687 | D:2      | Found Pangomew's Jewellery Emporium.
  1816 | D:2      | Noticed Jessica
  1820 | D:2      | Killed Jessica
  1908 | D:2      | Learned a level 3 spell: Stone Arrow
  2060 | D:2      | Reached skill level 1 in Conjurations
  2206 | D:2      | Reached XP level 5. HP: 31/31 MP: 7/9
  2631 | D:3      | Noticed Terence
  2640 | D:3      | Killed Terence
  2698 | D:3      | Noticed Robin
  2701 | D:3      | Killed Robin
  3097 | D:2      | Bought a +6 ring of intelligence for 396 gold pieces
  3353 | D:3      | Found Qocvaczu's Assorted Antiques.
  3446 | D:3      | Found Faereuh's Armour Boutique.
  3464 | D:3      | Found a faded altar of an unknown god.
  3572 | D:3      | Reached XP level 6. HP: 36/36 MP: 10/10
  3572 | D:3      | Found Muskur's Assorted Antiques.
  3737 | D:4      | Noticed an orc warrior
  3751 | D:4      | Found Joss's Magic Scroll Shoppe.
  3832 | D:4      | Noticed a black bear
  3835 | D:4      | Killed a black bear
  4039 | D:4      | Found a sacrificial altar of Ru.
  4184 | D:4      | Reached XP level 7. HP: 30/41 MP: 1/13
  4262 | D:4      | Reached skill level 5 in Earth Magic
  4682 | D:4      | Found an opulent altar of Gozag.
  4699 | D:4      | Found Itaidain's General Store.
  4699 | D:4      | Found Metet's Distillery.
  4783 | D:4      | Found Rakhiow's General Store.
  4923 | D:4      | Found Geipraix's General Store.
  5043 | D:5      | Entered Level 5 of the Dungeon
  5081 | D:5      | Noticed Prince Ribbit
  5087 | D:5      | Killed Prince Ribbit
  5088 | D:5      | Reached XP level 8. HP: 46/46 MP: 3/14
  5108 | D:5      | Found a hazy altar of Hepliaklqana.
  5109 | D:5      | Found a white marble altar of Elyvilon.
  5364 | D:5      | Found a runed translucent door.
  5449 | D:5      | Reached skill level 5 in Spellcasting
  5694 | D:5      | Learned a level 4 spell: Petrify
  5952 | D:5      | Found a runed translucent door.
  5956 | D:5      | Noticed hikkokomori's ghost (novice MfFi)
  6198 | D:6      | Learned a level 5 spell: Borgnjor's Vile Clutch
  6198 | D:6      | Found Cexkyvis's Neck Hole.
  6209 | D:6      | Reached XP level 9. HP: 51/51 MP: 9/16
  6223 | D:6      | Reached skill level 5 in Transmutations
  6223 | D:6      | Reached skill level 1 in Necromancy
  6393 | D:6      | Found a glowing golden altar of the Shining One.
  7138 | D:6      | Found a staircase to the Ecumenical Temple.
  7482 | D:3      | Bought a small ruby ring for 110 gold pieces
  7741 | D:7      | Reached skill level 5 in Necromancy
  7911 | D:7      | Found a sand-covered staircase.
  7921 | Ossuary  | Entered an ossuary
  8216 | Ossuary  | Reached skill level 1 in Fighting
  9161 | D:7      | Reached XP level 10. HP: 51/58 MP: 3/17
  9358 | D:7      | Found a basalt altar of Yredelemnul.
  9714 | D:2      | Bought a +6 ring of dexterity for 396 gold pieces
  9715 | D:2      | Bought a +5 ring of evasion for 396 gold pieces
 10200 | D:8      | Reached skill level 1 in Ranged Weapons
 10534 | D:8      | Reached skill level 2 in Ranged Weapons
 10576 | D:8      | Noticed a gargoyle
 10580 | D:8      | Killed a gargoyle
 10971 | D:8      | Reached skill level 3 in Ranged Weapons
 11136 | D:8      | Reached skill level 4 in Ranged Weapons
 11289 | D:8      | Found a staircase to the Lair.
 11419 | D:8      | Reached skill level 5 in Ranged Weapons
 11617 | D:9      | Reached XP level 11. HP: 63/63 MP: 16/21
 11621 | D:9      | Reached skill level 6 in Ranged Weapons
 12093 | D:9      | Reached skill level 7 in Ranged Weapons
 12300 | D:9      | Found a hide-covered altar of Uskayaw.
 12478 | D:9      | Reached skill level 8 in Ranged Weapons
 12519 | D:9      | Found a sparkling altar of Nemelex Xobeh.
 12650 | D:9      | Found a runed translucent door.
 12653 | D:9      | Identified the +5 spear of Jugump {chaos, Will+ rCorr
                  | Str+3}
 12653 | D:9      | Noticed Tollund's ghost (novice TrHW)
 12894 | D:10     | Entered Level 10 of the Dungeon
 13234 | D:10     | Noticed a two-headed ogre
 13247 | D:10     | Killed a two-headed ogre
 13248 | D:10     | Reached skill level 9 in Ranged Weapons
 13716 | D:10     | Found a staircase to the Orcish Mines.
 13718 | D:10     | Noticed a sixfirhy
 14249 | D:10     | Found a shimmering blue altar of Sif Muna.
 14525 | D:11     | Noticed a centaur warrior
 14579 | D:11     | Noticed a green ugly thing
 14583 | D:11     | Killed a green ugly thing
 14587 | D:11     | Reached skill level 10 in Ranged Weapons
 14862 | D:11     | You fall into a shaft and drop 2 floors!
 14887 | D:13     | Noticed a manticore
 14892 | D:13     | Killed a manticore
 15020 | D:13     | Noticed a centaur warrior
 15026 | D:13     | Killed a centaur warrior
 15027 | D:13     | Reached skill level 11 in Ranged Weapons
 15122 | D:13     | Noticed a two-headed ogre
 15195 | D:13     | Noticed a six-headed hydra
 15202 | D:13     | Killed a six-headed hydra
 15203 | D:13     | Reached XP level 12. HP: 52/68 MP: 13/22
 15425 | D:12     | HP: 3/68 [something (7)]
 15463 | D:12     | Reached skill level 12 in Ranged Weapons
 16014 | D:13     | Killed a two-headed ogre
 16195 | D:13     | Noticed Urug
 16214 | D:13     | Killed Urug
 16354 | D:12     | Reached skill level 5 in Fighting
 16490 | D:12     | Noticed a boulder beetle
 16831 | D:11     | Noticed a boulder beetle
 16985 | Lair:1   | Entered Level 1 of the Lair of Beasts
 17109 | D:9      | Upgraded the game from 0.30-a0-1016-gfb0d676c02 to
                  | 0.30-a0-1053-gbd8d5ba0ad
 17333 | Lair:1   | Noticed Amaemon
 17804 | Orc:1    | Entered Level 1 of the Orcish Mines
 17804 | Orc:1    | Noticed an orc warlord
 18617 | D:11     | Killed a boulder beetle
 18924 | D:11     | Killed a centaur warrior
 19299 | D:11     | Found Ogos's Jewellery Shop.
 19626 | D:12     | Killed a boulder beetle
 19892 | D:12     | HP: 4/84 [slime creature (21)]
 19892 | D:12     | Slain by a slime creature

Illustrated notes

Levels and vault maps discovered:
D:1:      saegor_arrival_simple_b, layout_basic
D:2:      layout_loops_corners, basic_altar, serial_shops,
          nicolae_shop_waterfront, uniq_jessica
D:3:      layout_loops_ring, serial_shops, nicolae_lakefront_shop, shop,
          nicolae_lakefront_shop, ebering_ecumenical_altar_rust, uniq_robin,
          uniq_terence
D:4:      layout_gridville, mainiacjoe_overflow_alcove_2, marbit_many_paths,
          serial_shops, shop, shop, nicolae_shop_trees, shop, shop,
          grunt_decor_resistance, serial_park_tiny_pond
D:5:      layout_loops_ring, grunt_temple_overflow_open, ebering_ghost_sewer_f,
          uniq_prince_ribbit1
D:6:      layout_cave_pods, mainiacjoe_overflow_tiny_flanked,
          minmay_temple_entry_junction, nicolae_shop_sticking_my_neck_out
D:7:      layout_loops_ring, lemuel_mausoleum_altar_yredelemnul, enter_bailey_4,
          nicolae_ossuary_entry_ruins, kennysheep_flooded_box
D:8:      layout_basic, erik_lair_dragon
D:9:      layout_basic, mainiacjoe_overflow_alcove_4,
          nicolae_overflow_crystal_walls, ebering_ghost_funeral_grove,
          minmay_fountain_box
D:10:     layout_stronghold, lemuel_blue_sif_altar, orc_0_dummy
D:11:     layout_cave_pools, serial_shops, shop, uniq_gastronok
D:12:     layout_basic
D:13:     layout_basic, gauntlet_entry_generic, serial_rivers,
          chequers_serial_rivers_micro_b, chequers_serial_rivers_small_b,
          chequers_serial_rivers_small_a, chequers_serial_rivers_micro_c,
          minmay_lizard_king, uniq_urug
Lair:1:   layout_roguey, serial_bayou_lagoon_b, lemuel_fruit_fields,
          grunt_megastairs_5, serial_bayou_shore_a, uniq_amaemon
Orc:1:    layout_caves, serial_shops, shop, nooodl_orcs_dogs

Skill      XL: |  1  2  3  4  5  6  7  8  9 10 11 12 |
---------------+-------------------------------------+-----
Stealth        | 3 4 5 |  5.7
Conjurations   | 1 3 |  3.0
Spellcasting   | 3 4 5 7 |  7.0
Earth Magic    | 4 6 7 8 |  8.0
Shields        | 3 4 |  4.0
Transmutations | 4 5 |  5.0
Necromancy     | 6 7 |  7.5
Fighting       | 1 8 |  8.9
Ranged Weapons | 5 11 12 | 12.0
Dodging        | |  2.0

Action                     |  1- 3 |  4- 6 |  7- 9 | 10-12 || total
---------------------------+-------+-------+-------+-------++-------
  Melee: Unarmed           |     2 |     8 |       |     5 ||    15
         Constrict         |     2 |     3 |       |     4 ||     9
         Tentacles         |     2 |       |       |    19 ||    21
         Dagger            |       |       |       |    27 ||    27
   Fire: Sling             |       |    38 |    81 |   168 ||   287
   Cast: Sandblast         |    44 |    75 |    85 |    92 ||   296
         Stone Arrow       |       |     9 |    64 |    70 ||   143
         Borgnjor's Vile C |       |       |       |    89 ||    89
         Petrify           |       |       |       |     5 ||     5
  Evoke: Wand              |       |     4 |     1 |    10 ||    15
    Use: Scroll            |     1 |     1 |     8 |     3 ||    13
         Potion            |       |       |       |    10 ||    10
   Stab: Distracted        |       |     1 |       |       ||     1
         Petrified         |       |       |       |     5 ||     5
 Armour: Skin              |     1 |     2 |     1 |     5 ||     9
  Dodge: Dodged            |    19 |    22 |    33 |   237 ||   311
  Block: Buckler           |       |       |    10 |    88 ||    98

Table legend: (Time is in decaauts)
 A = Elapsed time spent in this place.
 B = Non-inter-level travel time spent in this place.
 C = Inter-level travel time spent in this place.
 D = Time resting spent in this place.
 E = Time spent auto-exploring this place.
 F = Levels seen in this place.
 G = Mean time per level.
                   A        B        C        D        E       F      G
               +--------+--------+--------+--------+--------+-----+--------+
         Total |  20131 |  18334 |   1797 |   4824 |  10531 |  16 | 1258.2 |
       Dungeon |  19666 |  17874 |   1792 |   4660 |  10323 |  13 | 1512.8 |
          Lair |     44 |     40 |      4 |      6 |      7 |   1 |   44.0 |
  Orcish Mines |      1 |      1 |      0 |      0 |      0 |   1 |    1.0 |
       Ossuary |    419 |    419 |      0 |    158 |    201 |   1 |  419.0 |
               +--------+--------+--------+--------+--------+-----+--------+

Top non-repeatable levels by time:
     D:8: 2612 daAuts
    D:10: 2397 daAuts
     D:2: 1610 daAuts
     D:9: 1580 daAuts
     D:7: 1572 daAuts
     D:6: 1517 daAuts
    D:12: 1462 daAuts
     D:4: 1384 daAuts
     D:3: 1267 daAuts
     D:1: 1242 daAuts
     D:5: 1093 daAuts
    D:11: 1024 daAuts
    D:13: 899 daAuts
 Ossuary: 419 daAuts
  Lair:1: 44 daAuts
